 Dungeon Crawl Stone Soup version 0.28.0 (webtiles) character file.

Game seed: 17358667807824877553

1073 Dirian the Chopper (level 8, -8/102 HPs)
             Began as a Hill Orc Wanderer on Feb 16, 2022.
             Was a Follower of Nemelex Xobeh.
             Mangled by an ogre (23 damage)
             ... on level 6 of the Dungeon.
             The game lasted 00:11:09 (4750 turns).

Dirian the Chopper (Hill Orc Wanderer)              Turns: 4750, Time: 00:11:09

Health: -8/102     AC: 11    Str: 12    XL:     8   Next: 29%
Magic:  10/10      EV:  4    Int: 16    God:    Nemelex Xobeh [*.....]
Gold:   127        SH:  9    Dex: 11    Spells: 8/10 levels left

rFire   . . .      SeeInvis .   y - +0 war axe
rCold   . . .      Faith    .   c - +0 kite shield
rNeg    . . .      Spirit   .   i - +0 chain mail
rPois   .          Reflect  .   (no helmet)
rElec   .          Harm     .   (no cloak)
rCorr   +          Rampage  .   j - +0 pair of gloves
Will    +....                   h - +0 pair of boots
Stlth   ..........              e - amulet of regeneration
HPRegen 1.07/turn               f - ring of willpower
MPRegen 0.12/turn               n - ring of resist corrosion

@: berserking, very quick
A: no striking features
a: Renounce Religion, Draw Escape, Draw Destruction, Draw Summoning


You were on level 6 of the Dungeon.
You worshipped Nemelex Xobeh.
Nemelex Xobeh was aware of your devotion.
You visited 1 branch of the dungeon, and saw 6 of its levels.

You collected 242 gold pieces.
You spent 115 gold pieces at shops.

Inventory:

Hand Weapons
 y - a +0 war axe (weapon)
 A - a +0 war axe
Armour
 b - a +0 crystal plate armour
 c - a +0 kite shield (worn)
 h - a +0 pair of boots (worn)
 i - a +0 chain mail (worn)
 j - a +0 pair of gloves (worn)
 l - a +0 plate armour
Jewellery
 e - an amulet of regeneration (around neck)
 f - a ring of willpower (left hand)
 n - a ring of resist corrosion (right hand)
Scrolls
 s - a scroll of enchant armour
 t - a scroll of teleportation
 z - a scroll of blinking
Potions
 d - 3 potions of mutation
 g - a potion of invisibility
 k - a potion of ambrosia
 m - a potion of cancellation {unknown}
 o - a potion of curing {unknown}
 p - 2 potions of magic {unknown}
 q - a potion of brilliance {unknown}
 u - 2 potions of might {unknown}
 v - a potion of haste {unknown}
 w - a potion of heal wounds


   Skills:
 + Level 5.0 Fighting
 * Level 7.6 Axes
 + Level 4.3 Armour
 + Level 5.1 Shields
 - Level 1.5 Spellcasting
 - Level 1.7 Ice Magic
 - Level 2.6 Poison Magic


You had 8 spell levels left.
You knew the following spells:

 Your Spells              Type           Power      Damage    Failure   Level
a - Freeze                Ice            24%        1d5       100%        1
b - Sting                 Tmut/Pois      20%        1d4       100%        1

Your spell library contained the following spells:

 Spells                   Type           Power      Damage    Failure   Level
 Sublimation of Blood     Necr           1%         N/A       100%        2
 Frozen Ramparts          Ice            12%        1d3       100%        3
 Spider Form              Tmut/Pois      5%         N/A       100%        3
 Hailstorm                Conj/Ice       4%         3d4       100%        4
 Petrify                  Tmut/Erth      1%         N/A       100%        4
 Irradiate                Conj/Tmut      0%         3d13      100%        5


Dungeon Overview and Level Annotations

Branches:
Dungeon (6/15)             Temple (0/1) D:6

Altars:
Nemelex Xobeh
Okawaru

Shops:
D:1 *


Message History

You are too injured to fight recklessly!
You are too injured to fight recklessly!
You are too injured to fight recklessly!
You are too injured to fight recklessly!
You are too injured to fight recklessly!
You are too injured to fight recklessly!
You hit the ogre.
The ogre is lightly wounded.
The ogre hits you with a +0 giant spiked club!
You hit the ogre.
The ogre is moderately wounded.
You block the ogre's attack.
You barely miss the ogre.
The ogre is moderately wounded.
You block the ogre's attack.
You slash the ogre!
The ogre is heavily wounded.
You block the ogre's attack.
You barely miss the ogre.
The ogre is heavily wounded.
You hit the bullfrog skeleton.
You block the bullfrog skeleton's attack.
The ogre hits you with a +0 giant spiked club.
The bullfrog skeleton hits you but does no damage.
You hit the ogre.
The ogre is heavily wounded.
You hit the bullfrog skeleton.
The bullfrog skeleton hits you but does no damage.
The ogre hits you with a +0 giant spiked club!!
* * * LOW HITPOINT WARNING * * *
The bullfrog skeleton hits you but does no damage.
The bullfrog skeleton hits you.
* * * LOW HITPOINT WARNING * * *
Found 14 gold pieces.
You see here 14 gold pieces.
A red film seems to cover your vision as you go berserk!
You feel yourself moving faster!
You feel mighty!
The ogre hits you with a +0 giant spiked club!!
You die...
Your body disappears without a glow.

#..#####.>.##
#....#.c$..# .
##..#...#...#..
#......###....#
#....Z#.# #.....
#...#..c# ...###
#...##Z.#....#
#######...###c..#
#
..........+@O..##
######...####.#
............# .#
###########.##.#
#.##.# #.##.#
#.##.# #.##.#
###.##.#


You could see an ogre and a centaur.

Vanquished Creatures
  A black bear (D:4)
  An ogre (D:4)
  2 phantoms
  A bullfrog (D:5)
  2 scorpions
  A centaur zombie (D:5)
  A jelly (D:5)
  A bullfrog skeleton (D:4)
  A gnoll shaman (D:5)
  4 hounds
  2 iguanas
  An orc wizard (D:3)
  A hound zombie (D:5)
  7 gnolls
  7 adders
  An ufetubus (D:5)
  2 worms
  2 dart slugs
  9 orcs (D:3)
  6 endoplasms
  5 giant cockroaches
  8 goblins
  4 hobgoblins
  13 jackals
  4 kobolds
  5 quokkas
  5 ball pythons
  5 bats
  6 frilled lizards
  8 rats
116 creatures vanquished.

Vanquished Creatures (others)
  A plant (D:1)
1 creature vanquished.

Grand Total: 117 creatures vanquished

Notes
Turn   | Place    | Note
-------+----------+-------------------------------------------
     0 | D:1      | Dirian the Hill Orc Wanderer began the quest for the Orb.
     0 | D:1      | Dirian set off with the following items: a +0 club, a +0
                  | robe, a +0 buckler; and the following spells available to
                  | memorise: Freeze, Sting, Frozen Ramparts, Spider Form,
                  | Hailstorm
     0 | D:1      | Reached XP level 1. HP: 16/16 MP: 3/3
    44 | D:1      | Learned a level 1 spell: Freeze
    46 | D:1      | Learned a level 1 spell: Sting
    75 | D:1      | Reached skill level 1 in Axes
   262 | D:1      | Found a faded altar of an unknown god.
   278 | D:1      | Reached XP level 2. HP: 11/23 MP: 4/4
   514 | D:1      | Found Buvam's Assorted Antiques.
   719 | D:1      | Reached skill level 1 in Armour
   726 | D:1      | Reached skill level 2 in Axes
   726 | D:1      | Reached XP level 3. HP: 17/29 MP: 5/5
  1851 | D:2      | Reached XP level 4. HP: 35/36 MP: 2/6
  2011 | D:2      | Reached skill level 3 in Axes
  2470 | D:3      | You fall into a shaft and drop 1 floor!
  2487 | D:4      | Reached XP level 5. HP: 42/42 MP: 1/7
  2708 | D:3      | Reached skill level 4 in Axes
  2950 | D:3      | Found an iron altar of Okawaru.
  3142 | D:4      | Reached XP level 6. HP: 40/51 MP: 8/8
  3294 | D:4      | Found a sparkling altar of Nemelex Xobeh.
  3314 | D:4      | Noticed a black bear
  3327 | D:4      | Became a worshipper of Nemelex Xobeh the Trickster
  3337 | D:4      | Killed a black bear
  3338 | D:4      | Reached skill level 5 in Axes
  3411 | D:4      | Reached XP level 7. HP: 42/58 MP: 9/9
  3689 | D:4      | HP: 2/59 [ogre (20)]
  3691 | D:4      | Reached skill level 6 in Axes
  3929 | D:1      | Bought a sapphire ring for 115 gold pieces
  4005 | D:5      | Entered Level 5 of the Dungeon
  4246 | D:5      | Reached skill level 7 in Axes
  4249 | D:5      | Reached XP level 8. HP: 61/67 MP: 10/10
  4574 | D:5      | Reached skill level 5 in Shields
  4698 | D:6      | Reached * piety under Nemelex Xobeh
  4698 | D:6      | Received a gift from Nemelex Xobeh
  4720 | D:6      | Found a staircase to the Ecumenical Temple.
  4725 | D:6      | Reached skill level 5 in Fighting
  4750 | D:6      | Mangled by an ogre

Illustrated notes

Levels and vault maps discovered:
D:1:      minmay_arrival_plants_in_alcoves, layout_rooms, serial_shops,
          nicolae_shop_overgrown_old_shop, ebering_ecumenical_altar_box
D:2:      layout_basic, minmay_tromino_v2
D:3:      layout_basic, mainiacjoe_overflow_chevrons, hangedman_decor_growths,
          hangedman_decor_opposing
D:4:      layout_rooms, nemelex_altar_shiori, kennysheep_cross_room
D:5:      layout_loops_cross
D:6:      layout_basic, minmay_temple_entry_arrows

Skill      XL: |  1  2  3  4  5  6  7  8 |
---------------+-------------------------+-----
Axes           | 1 2 3 4 5 7 |  7.6
Armour         | 1 2 3 4 |  4.3
Fighting       | 2 3 4 5 |  5.0
Shields        | 3 4 5 |  5.1
Spellcasting   | |  1.5
Ice Magic      | |  1.7
Poison Magic   | |  2.6

Action                   |  1- 3 |  4- 6 |  7- 9 || total
-------------------------+-------+-------+-------++-------
Melee: Club              |    19 |       |       ||    19
       Short sword       |    37 |       |       ||    37
       Hand axe          |    65 |   143 |       ||   208
       War axe           |       |    90 |   157 ||   247
 Cast: Freeze            |     7 |     5 |       ||    12
       Sting             |       |     3 |       ||     3
Evoke: Wand              |       |     2 |       ||     2
  Use: Scroll            |       |     8 |     4 ||    12
       Potion            |       |       |     1 ||     1
Armor: Robe              |    45 |     5 |       ||    50
       Ring mail         |       |    62 |       ||    62
       Chain mail        |       |    72 |    83 ||   155
Dodge: Dodged            |    72 |    90 |    28 ||   190
Block: Buckler           |    18 |    47 |    18 ||    83
       Kite shield       |       |       |    41 ||    41
